 Dungeon Crawl Stone Soup version 0.29-a0-490-g77b3608bb8 (console) character file.

Game seed: 6377284103698509081

219 om the Magician (level 6, 0/40 HPs)
             Began as a Djinni Venom Mage on May 26, 2022.
             Killed from afar by an orc wizard (4 damage)
             ... with a puff of flame
             ... on level 4 of the Dungeon.
             The game lasted 00:10:38 (5069 turns).

om the Magician (Djinni Venom Mage)                 Turns: 5069, Time: 00:10:38

Health: 0/40       AC:  5    Str:  9    XL:     6   Next: 17%
Gold:   116        EV: 13    Int: 16    God:
                   SH:  0    Dex: 19

rFire   + + .      SeeInvis .   k - +1 short sword {flame, Drain rCorr Dex+5}
rCold   x . .      Faith    .   (no shield)
rNeg    . . .      Spirit   .   d - +2 robe "Liujocw" {Rampage}
rPois   ∞          Reflect  .   (no helmet)
rElec   .          Harm     .   (no cloak)
rCorr   +          Rampage  +   e - +0 pair of gloves
Will    .....                   (boots unavailable)
Stlth   ++........              (no amulet)
HPRegen 0.13/turn               (no ring)
MPRegen 0.00/turn               (no ring)

@: flying
A: sickness immunity, fire resistance 2, cold vulnerability 1, float, innate
caster, HP casting, extra vitality 1
a: no special abilities


You were on level 4 of the Dungeon.
You visited 1 branch of the dungeon, and saw 4 of its levels.

You collected 116 gold pieces.

Inventory:

Hand Weapons
 k - the +1 short sword "Esomaabe" (weapon) {flame, Drain rCorr Dex+5}
   (You found it on level 3 of the Dungeon)

   It burns those it strikes, dealing additional fire damage.
   Dex:       It affects your dexterity (+5).
   rCorr:     It protects you from acid and corrosion.
   Drain:     It drains your maximum health when unequipped.
Missiles
 i - 3 boomerangs
Armour
 d - the +2 robe "Liujocw" (worn) {Rampage}
   (You found it on level 2 of the Dungeon)

   Rampage:   It bestows one free step when moving towards enemies.
 e - a +0 pair of gloves (worn)
Scrolls
 a - a scroll of identify
 c - a scroll of amnesia {unknown}
 h - 3 scrolls of teleportation
Potions
 b - a potion of brilliance
 g - 4 potions of curing


   Skills:
 + Level 1.4 Short Blades
 + Level 3.1 Dodging
 - Level 2.0 Stealth
 * Level 4.3 Spellcasting


You couldn't memorise any spells.
You knew the following spells:

 Your Spells              Type           Power      Damage    Failure   Level
a - Sting                 Tmut/Pois      68%        1d6       2%          1
b - Poisonous Vapours     Pois/Air       34%        N/A       4%          2
c - Mephitic Cloud        Conj/Pois/Air  17%        N/A       9%          3
d - Olgreb's Toxic Radia  Pois           17%        N/A       28%         4
e - Summon Small Mammal   Summ           68%        N/A       2%          1
f - Wereblood             Tmut           17%        N/A       4%          2
Your spell library was empty.

Dungeon Overview and Level Annotations

Branches:
Dungeon (4/15)
 Temple: D:4-7

Altars:
Gozag
Qazlal


Innate Abilities, Weirdness & Mutations

You are immune to sickness and miasma.
You are immune to poison.
Your flesh is very heat resistant. (rF++)
You are vulnerable to cold. (rC-)
You float through the air rather than walking.
You learn spells naturally, not from books.
Your magical power is your life essence.
You have superior vitality. (+4 MHP)


Message History

Confirm with . or Enter, or press ? or * to list all spells.
Aiming: Poisonous Vapours (safe; 4% risk of failure)
Press: ? - help, Dir - move target, f - orc
Aim: an orc, wielding a +0 hand axe and wearing a +0 leather armour Poisonous vapours surround the orc!
The orc is poisoned.
* * * LOW HITPOINT WARNING * * *
You feel a bit more experienced. The orc attacks as you move away!
The orc hits you with a +0 hand axe.
* * * LOW HITPOINT WARNING * * *
You hit the orc. You burn the orc.
You kill the orc!
Things that are here:
a +0 hand axe; a +0 leather armour The orc wizard points at you and mumbles some strange words.
The puff of flame misses you.
Casting: Poisonous Vapours (safe; 4% risk of failure)
Confirm with . or Enter, or press ? or * to list all spells.
Aiming: Poisonous Vapours (safe; 4% risk of failure)
Press: ? - help, Dir - move target, f - orc wizard
Aim: an orc wizard, wielding a +2 dagger of venom and wearing a +0 robe (heavily wounded) Poisonous vapours surround the orc wizard!
The orc wizard is poisoned.
* * * LOW HITPOINT WARNING * * *
Casting: Poisonous Vapours (safe; 4% risk of failure)
Confirm with . or Enter, or press ? or * to list all spells.
Aiming: Poisonous Vapours (safe; 4% risk of failure)
Press: ? - help, Dir - move target, f/p - orc wizard
Aim: an orc wizard, wielding a +2 dagger of venom and wearing a +0 robe (heavily wounded, poisoned) Poisonous vapours surround the orc wizard!
The orc wizard looks even sicker.
* * * LOW HITPOINT WARNING * * *
Aiming: Sting (safe; 2% risk of failure)
Press: ? - help, Q - select action, (/) - cycle Shift-Dir - straight line, f/p - orc wizard
Aim: an orc wizard, wielding a +2 dagger of venom and wearing a +0 robe (heavily wounded, very poisoned, 67% to hit)
The sting hits the orc wizard.
The orc wizard looks even sicker.
The orc wizard is severely wounded.
* * * LOW HITPOINT WARNING * * *
The orc wizard gestures at you while chanting.
The puff of flame hits you. You resist.
You die...

#........# #
#..[.....# ..
#........### ...
#........... .!..
#........# .....
#........#
......##........#
......)o).o.....#
.........##@##.##
.........##)##.#
.........##.##.#
.........##.##.#
#............#.#
#w...........'.# ..
.............######.#
....##.......#.# ####
#.#####.#.#


You could see an orc wizard (very poisoned) and an orc.

Vanquished Creatures
  A phantom (D:4)
  An orc priest (D:4)
  An orc wizard (D:4)
  2 adders
  2 worms
  3 dart slugs
  An orc (D:4)
  4 bats
  2 endoplasms
  3 giant cockroaches
  10 goblins
  4 hobgoblins
  6 quokkas
  6 ball pythons
  2 frilled lizards
  5 kobolds (D:1)
  7 rats
60 creatures vanquished.

Notes
Turn   | Place    | Note
-------+----------+-------------------------------------------
     0 | D:1      | om the Djinni Venom Mage began the quest for the Orb.
     0 | D:1      | Reached XP level 1. HP: 15/15 MP: 0/0
   135 | D:1      | Reached XP level 2. HP: 17/21 MP: 0/0
   556 | D:1      | Reached skill level 3 in Spellcasting
   918 | D:1      | Found a faded altar of an unknown god.
   922 | D:1      | Reached XP level 3. HP: 25/25 MP: 0/0
   922 | D:1      | Learned a level 1 spell: Summon Small Mammal
  1814 | D:2      | Identified the +2 robe "Liujocw" {Rampage}
  2435 | D:2      | Reached XP level 4. HP: 27/31 MP: 0/0
  2689 | D:2      | Identified the +1 robe of the End {*Slow Int+5 Dex-4
                  | Slay+3}
  3272 | D:3      | Identified the +1 short sword "Esomaabe" {flame, Drain
                  | rCorr Dex+5}
  4016 | D:4      | Noticed a phantom
  4633 | D:4      | Found a stormy altar of Qazlal.
  4649 | D:4      | Found an opulent altar of Gozag.
  4669 | D:4      | Killed a phantom
  4670 | D:4      | Reached skill level 1 in Short Blades
  4670 | D:4      | Reached skill level 4 in Spellcasting
  4670 | D:4      | Reached XP level 5. HP: 6/35 MP: 0/0
  4670 | D:4      | Learned a level 2 spell: Wereblood
  5056 | D:4      | Reached XP level 6. HP: 11/40 MP: 0/0
  5069 | D:4      | Killed from afar by an orc wizard

Illustrated notes

Levels and vault maps discovered:
D:1:      giann_horns, layout_rooms, serial_rivers,
          chequers_serial_rivers_micro_a, chequers_serial_rivers_micro_a,
          chequers_serial_rivers_small_b, chequers_serial_rivers_small_a,
          shapermc_ecumenical_altar_ellora, supply_closet_lemuel
D:2:      layout_basic, minmay_tetromino_t2
D:3:      layout_rooms, minivault_27, serial_bayou_pond_a, nrook_campfire,
          minmay_fountain_box, hex_tiny
D:4:      layout_basic, mainiacjoe_overflow_catwalk_spiral

Skill      XL: |  1  2  3  4  5 |
---------------+----------------+-----
Spellcasting   | 3 4 |  4.3
Short Blades   | 1 |  1.4
Stealth        | 2 |  2.0
Dodging        | 3 |  3.1

Action                   |  1- 3 |  4- 6 || total
-------------------------+-------+-------++-------
Melee: Dagger            |    25 |    33 ||    58
       Short sword       |       |    19 ||    19
       Punch             |       |     1 ||     1
 Cast: Sting             |    24 |    14 ||    38
       Poisonous Vapours |    29 |    20 ||    49
       Summon Small Mamm |       |     6 ||     6
       Mephitic Cloud    |       |     1 ||     1
  Use: Scroll            |     4 |     2 ||     6
       Potion            |       |     2 ||     2
 Stab: Sleeping          |     1 |     3 ||     4
       Distracted        |       |     1 ||     1
Armor: Robe              |    15 |    17 ||    32
Dodge: Dodged            |    49 |    32 ||    81

Table legend: (Time is in decaauts)
 A = Elapsed time spent in this place.
 B = Non-inter-level travel time spent in this place.
 C = Inter-level travel time spent in this place.
 D = Time resting spent in this place.
 E = Time spent auto-exploring this place.
 F = Levels seen in this place.
 G = Mean time per level.
                   A        B        C        D        E       F      G
               +--------+--------+--------+--------+--------+-----+--------+
         Total |   5071 |   4958 |    113 |   2122 |   2146 |   4 | 1267.8 |
       Dungeon |   5071 |   4958 |    113 |   2122 |   2146 |   4 | 1267.8 |
               +--------+--------+--------+--------+--------+-----+--------+

Top non-repeatable levels by time:
     D:2: 1762 daAuts
     D:1: 1289 daAuts
     D:3: 1208 daAuts
     D:4: 810 daAuts
